 Dungeon Crawl Stone Soup version 0.31-a0-408-gb642c7f9a3 (webtiles) character file.

Game seed: 3641957844224242486

36462 vineage the Warrior (level 13, -2/95 HPs)
             Began as a Gargoyle Fighter on July 29, 2023.
             Was a High Priest of Okawaru.
             Killed from afar by a rime drake (9 damage)
             ... with an icy flash freeze
             ... on level 5 of the Lair of Beasts.
             The game lasted 00:16:18 (15779 turns).

vineage the Warrior (Gargoyle Fighter)             Turns: 15779, Time: 00:16:19

Health: -2/95      AC: 34    Str: 21    XL:     13   Next: 90%
Magic:  24/26      EV: 12    Int:  8    God:    Okawaru [*****.]
Gold:   903        SH:  9    Dex: 11    Spells: 12/12 levels left

rFire   + . .        r - +4 flail (holy)
rCold   . . .        c - +1 buckler
rNeg    + + +        J - +4 ring mail of Keesahit {rF+ rN++ MP+9 Int-3}
rPois   ∞            g - +2 hat {Will+}
rElec   +            K - +2 cloak
rCorr   .            j - +0 pair of gloves
SInv    .            x - +3 pair of seven-league boots {Rampage+∞}
Will    ++...        s - amulet of the acrobat
Stlth   ++           F - ring of willpower
HPRegen 0.35/turn    A - ring of flight
MPRegen 0.20/turn

%: acrobat, rampage+∞
@: heroic, flying
A: sickness immunity, AC +9, negative energy resistance 1, electricity
resistance, torment resistance 1, petrification resistance
a: Renounce Religion, Heroism, Finesse, Duel


You were on level 5 of the Lair of Beasts.
You worshipped Okawaru.
Okawaru was extremely pleased with you.
You visited 3 branches of the dungeon, and saw 16 of its levels.

You collected 903 gold pieces.

Inventory:

Hand Weapons
 r - a +4 flail of holy wrath (weapon)
 N - a -1 demon whip of venom
Missiles
 v - 2 throwing nets
Armour
 c - a +1 buckler (worn)
 g - a +2 hat of willpower (worn)
 j - a +0 pair of gloves (worn)
 x - the +3 pair of seven-league boots (worn) {Rampage+∞}
   (You acquired it on level 7 of the Dungeon)

   Rampage+∞: When moving toward enemies, its wearer moves as far as possible,
   alerting their target en route.
 J - the +4 ring mail of Keesahit (worn) {rF+ rN++ MP+9 Int-3}
   (You found it on level 3 of the Lair of Beasts)

   Int:       It affects your intelligence (-3).
   rF:        It protects you from fire.
   rN:        It greatly protects you from negative energy.
   MP:        It affects your magic capacity (+9).
 K - a +2 cloak (worn)
Jewellery
 m - a ring of positive energy
 q - an amulet of faith
 s - an amulet of the acrobat (around neck)
 A - a ring of flight (right hand)
 F - a ring of willpower (left hand)
 M - a ring of see invisible
Wands
 b - a wand of iceblast (32)
 w - a wand of polymorph (11)
 I - a wand of quicksilver (12)
Scrolls
 a - 3 scrolls of identify
 h - 2 scrolls of poison
 i - a scroll of blinking {unknown}
 l - 3 scrolls of immolation
 y - 2 scrolls of teleportation
 D - a scroll of enchant armour
 E - 3 scrolls of fear
 L - 3 scrolls of fog
Potions
 d - 2 potions of might
 e - 2 potions of berserk rage
 f - 6 potions of curing
 k - 2 potions of invisibility
 n - 2 potions of cancellation
 p - a potion of enlightenment
 t - 2 potions of resistance
 u - 4 potions of lignification
 z - a potion of mutation {unknown}
 B - 2 potions of attraction {unknown}
 C - a potion of brilliance {unknown}
 H - 2 potions of magic


   Skills:
 * Level 16.3(21.3) Fighting
 + Level 10.9(15.9) Maces & Flails
 + Level 11.3(16.3) Armour
 + Level 11.3(16.3) Shields
 - Level 6.3 Invocations


You had 12 spell levels left.
You didn't know any spells.
Your spell library contained the following spells:

 Spells                   Type           Power      Damage    Failure   Level
 Apportation              Tloc           0%         N/A       54%         1
 Magic Dart               Conj           0%         1d3       54%         1
 Sting                    Tmut/Pois      0%         1d3       54%         1
 Ensorcelled Hibernation  Hex/Ice        0%         N/A       69%         2
 Lesser Beckoning         Tloc           0%         N/A       69%         2
 Poisonous Vapours        Pois/Air       0%         N/A       69%         2
 Searing Ray              Conj           0%         2d4       69%         2
 Dazzling Flash           Conj/Hex       0%         N/A       89%         3
 Gell's Gravitas          Tloc           0%         N/A       89%         3
 Teleport Other           Tloc           0%         N/A       89%         3
 Volatile Blastmotes      Fire/Tloc      0%         2d10      89%         3
 Anguish                  Hex/Necr       0%         N/A       100%        4
 Fulminant Prism          Conj/Hex       0%         3d5       100%        4
 Olgreb's Toxic Radiance  Pois           0%         N/A       100%        4
 Agony                    Necr           0%         N/A       100%        5
 Alistair's Intoxication  Tmut/Pois      0%         N/A       100%        5
 Borgnjor's Vile Clutch   Necr/Erth      0%         N/A       100%        5
 Silence                  Hex/Air        0%         N/A       100%        5
 Eringya's Noxious Bog    Tmut/Pois      0%         4d6       100%        6
 Starburst                Conj/Fire      0%         6d3       100%        6
 Maxwell's Capacitive Co  Air            0%         ∞         100%        8


Dungeon Overview and Level Annotations

Branches:
Dungeon (10/15)            Temple (1/1) D:5            Lair (5/5) D:8
  Swamp (0/4) Lair:3        Snake (0/4) Lair:3        Slime (0/5) Lair:5
    Orc (0/2) D:10

Altars:
Ashenzari
Cheibriados
Dithmenos
Elyvilon
Fedhas
Gozag
Hepliaklqana
Kikubaaqudgha
Makhleb
Nemelex Xobeh
Okawaru
Qazlal
Ru
Sif Muna
Trog
Uskayaw
Vehumet
Wu Jian
Xom
Yredelemnul
Zin
The Shining One
Jiyva

Shops:
D:9 =   D:10 [

Annotations:
Temple 2 transporters
Lair:5 2 runed translucent doors


Innate Abilities, Weirdness & Mutations

You are immune to sickness and miasma.
Your stone body is resilient. (AC +9)
You are immune to poison.
You resist negative energy. (rN+)
You are resistant to electric shocks. (rElec)
You are resistant to unholy torment.
You are immune to petrification.


Message History

The lindwurm breathes flames at you. The blast of flame hits you! You resist.
* * * LOW HITPOINT WARNING * * *
You sock the lindwurm!
The lindwurm is severely wounded.
The lindwurm bites you but does no damage.
The lindwurm claws you but does no damage.
The lindwurm barely misses you.
You closely miss the lindwurm.
The lindwurm is severely wounded.
The lindwurm breathes flames at you. The blast of flame hits you. You resist.
* * * LOW HITPOINT WARNING * * *
You sock the lindwurm!
You kill the lindwurm!
Okawaru accepts your kill.
You start resting.
A rime drake is nearby!
A rime drake is nearby!
A rime drake is nearby!
A rime drake is nearby!
The rime drake hisses angrily.
The rime drake breathes ice at you. The icy flash freeze hits you!
* * * LOW HITPOINT WARNING * * *
You are encased in ice.
You closely miss the rime drake. You block the rime drake's attack.
You gain the combat prowess of a mighty hero.
The ice encasing you melts away. The rime drake breathes ice at you.
The icy flash freeze misses you.
You closely miss the rime drake.
The rime drake bites you but does no damage.
You hit the rime drake.
The rime drake is lightly wounded.
You miss the rime drake.
The rime drake is lightly wounded.
The rime drake breathes ice at you. The icy flash freeze hits you!
You die...

#.....PP....P.#.........<........
#..........P..................###
..........................#####
.......................#### #
.............######..### ## 8#8
††..........########## #8#≈≈§≈
.#..........# #§≈## ##≈≈≈§§..
††..........####≈≈#####≈§≈≈§§§.
#............# #@k§#§≈≈≈S...§..
.............#####≈≈§§##l......
..............# ##≈≈≈# #..≈..≈
..............#####.≈≈# #≈≈..§
.#...........###.#..### ≈≈..≈
#..!.........# ##....## #++#
............## #8.....## ...
............# ##......# ..
..........### ##.....§.#


You could see a rime drake (catching breath).

Vanquished Creatures
  Josephine (D:10)
  Harold (D:10)
  2 hydras
  Erolcha (D:10)
  Nergalle (Lair:1)
  Amaemon (Lair:1)
  A bog body (Lair:3)
  2 lindwurms
  A manticore (D:6)
  12 black mambas
  Maurice (D:9)
  Joseph (D:10)
  11 elephants
  A molten gargoyle (Lair:5)
  10 cane toads
  An orange demon (Lair:1)
  7 komodo dragons
  5 rime drakes
  A troll (D:9)
  A hornet (D:9)
  2 polar bears
  15 blink frogs
  9 wyverns
  A basilisk (Lair:4)
  5 wraiths (D:10)
  4 steam dragons
  19 yaks
  4 swamp worms (Lair:3)
  A naga (Lair:3)
  An acid dragon (D:10)
  12 water moccasins
  2 hell hounds (Lair:5)
  6 ice beasts
  5 black bears
  A sky beast (D:7)
  An ogre (D:6)
  11 wolves
  5 centaurs
  A phantom (D:5)
  6 bullfrogs
  3 scorpions
  16 killer bees
  An electric eel (Lair:3)
  2 howler monkeys (D:9)
  2 lava snakes (Lair:5)
  2 gnoll boudas
  5 jellies
  An orc priest (D:6)
  2 hounds
  An iguana (D:5)
  2 sleepcaps
  Jessica (D:3)
  8 orc wizards
  6 gnolls
  A river rat (D:6)
  10 adders
  A white imp (D:8)
  An ufetubus (D:6)
  2 worms
  2 dart slugs
  10 orcs
  10 ball pythons
  5 bats
  8 endoplasms
  5 giant cockroaches
  5 goblins
  7 hobgoblins
  4 quokkas
  4 frilled lizards
  10 kobolds
  9 rats
319 creatures vanquished.

Notes
Turn   | Place    | Note
-------+----------+-------------------------------------------
     0 | D:1      | vineage the Gargoyle Fighter began the quest for the Orb.
     0 | D:1      | Reached XP level 1. HP: 14/14 MP: 1/1
   157 | D:1      | Reached XP level 2. HP: 16/20 MP: 2/2
   425 | D:1      | Reached skill level 4 in Fighting
   997 | D:2      | Reached XP level 3. HP: 24/24 MP: 3/3
  1217 | D:2      | Found a shadowy altar of Dithmenos.
  1623 | D:2      | Reached XP level 4. HP: 30/30 MP: 4/4
  2322 | D:3      | Noticed Jessica
  2345 | D:3      | Reached skill level 5 in Fighting
  2350 | D:3      | Killed Jessica
  2351 | D:3      | Reached XP level 5. HP: 25/35 MP: 5/5
  2525 | D:3      | Found the +10 Black Knight's barding {ponderous, rPois rN+}
  2868 | D:4      | Reached skill level 6 in Fighting
  2868 | D:4      | Reached XP level 6. HP: 34/41 MP: 6/6
  3376 | D:5      | Entered Level 5 of the Dungeon
  3385 | D:5      | Noticed a black bear
  3392 | D:5      | Killed a black bear
  3426 | D:5      | Found a staircase to the Ecumenical Temple.
  3459 | D:5      | Reached skill level 7 in Fighting
  3467 | D:5      | Reached XP level 7. HP: 42/48 MP: 7/7
  3478 | Temple   | Found a transporter.
  3478 | Temple   | Found a transporter.
  3478 | Temple   | Found a transporter.
  3478 | Temple   | Found a transporter.
  3478 | Temple   | Entered the Ecumenical Temple
  3493 | Temple   | Became a worshipper of Warmaster Okawaru
  4257 | D:6      | Reached * piety under Okawaru
  4263 | D:6      | Reached skill level 5 in Maces & Flails
  4294 | D:6      | Reached XP level 8. HP: 52/54 MP: 8/8
  4310 | D:6      | Reached skill level 8 in Fighting
  4481 | D:6      | Noticed a manticore
  4491 | D:6      | Killed a manticore
  4492 | D:6      | Reached skill level 5 in Armour
  4492 | D:6      | Reached skill level 5 in Shields
  4701 | D:6      | Reached skill level 9 in Fighting
  4824 | D:6      | Reached ** piety under Okawaru
  4825 | D:6      | Reached XP level 9. HP: 60/60 MP: 9/9
  5090 | D:6      | Found a shadowy altar of Dithmenos.
  5127 | D:6      | Found a bloodstained altar of Trog.
  5435 | D:7      | Reached skill level 10 in Fighting
  6054 | D:7      | Identified a scroll of acquirement
  6054 | D:7      | Acquired the +3 pair of seven-league boots {Rampage+∞}
  6054 | D:7      | Found the +3 pair of seven-league boots {Rampage+∞}
  6423 | D:8      | Noticed a rime drake
  6444 | D:8      | Reached *** piety under Okawaru
  6445 | D:8      | Reached skill level 1 in Invocations
  6460 | D:8      | Killed a rime drake
  6461 | D:8      | Reached XP level 10. HP: 56/68 MP: 11/11
  6554 | D:8      | Found a staircase to the Lair.
  6689 | D:8      | Reached **** piety under Okawaru
  6690 | D:8      | Reached skill level 11 in Fighting
  7115 | D:9      | Found Zuytoily's Jewellery Shoppe.
  7302 | D:9      | Noticed Maurice
  7364 | D:9      | Killed Maurice
  7475 | D:9      | Noticed a six-headed hydra
  8192 | D:10     | Entered Level 10 of the Dungeon
  8192 | D:10     | Noticed Harold
  8208 | D:10     | Killed Harold
  8208 | D:10     | Reached ***** piety under Okawaru
  8209 | D:10     | Reached skill level 5 in Invocations
  8494 | D:10     | Noticed Erolcha
  8523 | D:10     | Killed Erolcha
  8524 | D:10     | Reached XP level 11. HP: 34/76 MP: 12/15
  8657 | D:10     | Found Gakkaoth's Antique Armour Emporium.
  8665 | D:10     | Noticed Josephine
  8684 | D:10     | Killed Josephine
  8685 | D:10     | Reached skill level 12 in Fighting
  8887 | D:10     | Found a stormy altar of Qazlal.
  9082 | D:10     | Found a staircase to the Orcish Mines.
  9281 | D:10     | Noticed Joseph
  9295 | D:10     | Killed Joseph
  9679 | Lair:1   | Entered Level 1 of the Lair of Beasts
 10137 | Lair:1   | Noticed Nergalle
 10164 | Lair:1   | Killed Nergalle
 10164 | Lair:1   | Received a gift from Okawaru
 10389 | Lair:1   | Received a gift from Okawaru
 10571 | Lair:1   | Reached skill level 13 in Fighting
 11001 | Lair:1   | Noticed Amaemon
 11019 | Lair:1   | Killed Amaemon
 11238 | Lair:1   | Reached XP level 12. HP: 84/84 MP: 16/16
 11668 | Lair:2   | Received a gift from Okawaru
 11754 | Lair:2   | Reached skill level 14 in Fighting
 11761 | Lair:2   | Reached ****** piety under Okawaru
 11790 | Lair:2   | HP: 4/85 [yak (12)]
 12982 | Lair:3   | Reached skill level 10 in Armour
 12987 | Lair:3   | Received a gift from Okawaru
 13016 | Lair:3   | Identified the +4 ring mail of Keesahit {rF+ rN++ MP+9
                  | Int-3}
 13152 | Lair:3   | Reached skill level 10 in Shields
 13334 | Lair:3   | Found a staircase to the Snake Pit.
 13351 | Lair:3   | You are sucked into a shaft and drop 1 floor!
 13372 | Lair:3   | Found the +13 scythe of Curses {drain, curses, Drain}
 13416 | Lair:3   | Reached XP level 13. HP: 18/91 MP: 17/17
 13420 | Lair:3   | Reached skill level 15 in Fighting
 13420 | Lair:3   | Reached skill level 10 in Maces & Flails
 13913 | Lair:3   | Found a staircase to the Swamp.
 14283 | Lair:4   | Received a gift from Okawaru
 14772 | Lair:5   | Entered Level 5 of the Lair of Beasts
 15082 | Lair:5   | Found a staircase to the Slime Pits.
 15084 | Lair:5   | Found a viscous altar of Jiyva.
 15186 | Lair:5   | Reached skill level 16 in Fighting
 15443 | Lair:5   | Received a gift from Okawaru
 15472 | Lair:5   | HP: 4/93 [komodo dragon (13)]
 15699 | Lair:5   | Found a large runed translucent door.
 15699 | Lair:5   | Found a large runed translucent door.
 15779 | Lair:5   | Killed from afar by a rime drake

Illustrated notes

Levels and vault maps discovered:
D:1:      minmay_arrival_glassed_features, layout_basic
D:2:      minmay_evil_eye, layout_basic, basic_altar
D:3:      layout_basic, uniq_jessica
D:4:      layout_basic, amcnicky_mini_rare_corridor_liquid
D:5:      layout_gridville, minmay_temple_entry_overgrown
D:6:      layout_loops_cross, mainiacjoe_overflow_swirl,
          gup_sewer_entry_bubbles, hangedman_decor_opposing
D:7:      layout_rooms
D:8:      layout_loops_corners, hellmonk_lair_entry_icy
D:9:      layout_small_grid, serial_shops, nicolae_shop_advertising_works
          [nicolae_subvault_shop_adworks], minmay_misc_feat_encased,
          uniq_maurice
D:10:     layout_loops_ring, mainiacjoe_overflow_small_starburst, orc_0_dummy,
          serial_shops, shop, uniq_harold, uniq_joseph, uniq_josephine,
          uniq_erolcha
Temple:   hellmonk_temple_divided_pantheon
Lair:1:   layout_roguey, uniq_amaemon, uniq_nergalle
Lair:2:   layout_chaotic_city, gauntlet_entry_generic
Lair:3:   layout_gridlike, nicolae_swamp_entry_splash_gauntlet,
          guppyfry_snake_entry_island, grunt_megastairs_1
Lair:4:   layout_big_grid, st_stairs_3, grunt_megastairs_3
Lair:5:   cheibrodos_lair_end_hotspot, layout_regular_city,
          nicolae_slime_entry_field_trip, chequers_serial_rivers_room_b

Skill      XL: |  1  2  3  4  5  6  7  8  9 10 11 12 13 |
---------------+----------------------------------------+-----
Fighting       | 4 5 6 7 9 10 11 13 14 16 | 16.3
Maces & Flails | 3 4 5 6 7 8 9 10 | 10.9
Armour         | 4 5 6 7 8 10 11 | 11.3
Shields        | 4 5 6 7 8 10 11 | 11.3
Invocations    | 2 5 6 |  6.3

Action                     |  1- 3 |  4- 6 |  7- 9 | 10-12 | 13-15 || total
---------------------------+-------+-------+-------+-------+-------++-------
  Melee: Flail             |   128 |    99 |   148 |   475 |   104 ||   954
         Whip              |       |    44 |   275 |       |       ||   319
         Demon whip        |       |       |       |   375 |   367 ||   742
 Invoke: Heroism           |       |       |     1 |    10 |     4 ||    15
    Use: Scroll            |       |    10 |     3 |    12 |     1 ||    26
         Potion            |       |       |       |     4 |     1 ||     5
 Armour: Scale mail        |    75 |    84 |   296 |   408 |       ||   863
         Skin              |       |       |       |     1 |       ||     1
         Ring mail         |       |       |       |    44 |   251 ||   295
  Dodge: Dodged            |    49 |    61 |   225 |   315 |   181 ||   831
  Block: Buckler           |    26 |    51 |   146 |   259 |   153 ||   635

Table legend: (Time is in decaauts)
 A = Elapsed time spent in this place.
 B = Non-inter-level travel time spent in this place.
 C = Inter-level travel time spent in this place.
 D = Time resting spent in this place.
 E = Time spent auto-exploring this place.
 F = Levels seen in this place.
 G = Mean time per level.
                   A        B        C        D        E       F      G
               +--------+--------+--------+--------+--------+-----+--------+
         Total |  15563 |  14580 |    983 |   1677 |  10119 |  16 |  972.7 |
       Dungeon |   9949 |   9286 |    663 |    958 |   6573 |  10 |  994.9 |
        Temple |     30 |      4 |     26 |      0 |      0 |   1 |   30.0 |
          Lair |   5583 |   5290 |    293 |    719 |   3546 |   5 | 1116.6 |
               +--------+--------+--------+--------+--------+-----+--------+

Top non-repeatable levels by time:
  Lair:1: 1542 daAuts
    D:10: 1446 daAuts
  Lair:2: 1329 daAuts
  Lair:3: 1274 daAuts
     D:9: 1174 daAuts
     D:6: 1101 daAuts
     D:8: 1078 daAuts
     D:1: 1011 daAuts
     D:2: 1001 daAuts
  Lair:5: 923 daAuts
     D:7: 840 daAuts
     D:5: 807 daAuts
     D:3: 765 daAuts
     D:4: 722 daAuts
  Lair:4: 514 daAuts
